Map: Blackpink LE

Players

clepoi - Winner!

  • Race: Protoss Protoss
  • League: Platinum
  • Spawn Location: 7:00

ILIEKEGGPIE

  • Race: Protoss Protoss
  • League: Platinum
  • Spawn Location: 1:00

VOD

Have the link to the VOD?

Description

Time

  • Played on: April 10, 2018, 1:23 p.m.
  • Length: 20:29
Show
View Real Time Build Order
Export as new Build Order

clepoi Protoss - Winner!

Build Orders: 1 Gate Expand 

Get SALT Encoding   

  12  0:00  Probe  
  13  0:13  Probe  
  14  0:17  Pylon  
  14  0:25  Probe  
  15  0:39  Gateway  
  15  0:44  Probe  
  15  0:47  Assimilator  
  16  0:58  Probe  
  17  1:08  Assimilator  
  17  1:15  Probe (Chrono Boost)  
  17  1:16  Assimilator  
  18  1:41  Nexus  
  18  1:42  Probe (Chrono Boost)  
  19  1:52  Probe (Chrono Boost)  
  20  1:55  Cybernetics Core  
  20  1:57  Probe (Chrono Boost)  
  21  2:08  Pylon  
  21  2:27  Probe  
  22  2:30  Gateway  
  22  2:32  Warp Gate (Chrono Boost)  
  22  2:34  Stalker (Chrono Boost)  
  24  2:54  Gateway  
  24  3:01  Stalker (Chrono Boost)  
  26  3:17  Stalker  
  28  3:21  Probe x2  
  28  3:24  Stalker  
  32  3:41  Pylon  
  32  3:47  Stalker, Robotics Facility, Sentry  
  36  3:54  Sentry  
  38  3:59  Probe x2  
  40  4:09  Shield Battery  
  40  4:13  Stalker  
  42  4:27  Probe  
  42  4:28  Probe  
  42  4:31  Stalker  
  46  4:32  Stalker  
  46  4:38  Observer  
  49  4:45  Shield Battery, Probe x2  
  51  4:54  Gateway  
  51  4:55  Gateway  
  51  4:59  Probe x2  
  53  5:21  Probe, Pylon  
  54  5:29  Pylon  
  54  5:37  Pylon  
  54  5:39  Immortal  
  54  5:41  Pylon  
  58  5:45  Pylon  
  58  5:46  Stalker x2  
  58  5:47  Stalker  
  64  5:50  Probe x2  
  66  6:02  Probe x2  
  68  6:19  Twilight Council  
  68  6:20  Pylon  
  68  6:23  Stalker x4  
  76  6:26  Sentry  
  78  6:47  Zealot x4  
  78  6:49  Probe x2  
  78  6:53  Charge (Chrono Boost)  
  88  6:55  Assimilator  
  88  6:57  Assimilator  
  88  7:03  Forge  
  88  7:07  Probe x2, Forge  
  89  7:14  Observer (Chrono Boost)  
  90  7:27  Stalker  
  90  7:28  Immortal (Chrono Boost)  
  97  7:44  Probe x2  
  98  7:56  Probe  
  98  7:58  Probe  
  100  7:59  Protoss Ground Armor Level 1 (Chrono Boost), Protoss Ground Weapons Level 1 (Chrono Boost)  
  100  8:01  Nexus  
  100  8:02  Pylon  
  100  8:08  Probe  
  101  8:16  Pylon  
  101  8:21  Pylon  
  101  8:28  Observer, Pylon  
  101  8:31  Zealot x4  
  101  8:32  Pylon  
  110  8:57  Zealot x2  
  110  8:58  Zealot x3  
  120  9:13  Probe (Chrono Boost)  
  121  9:19  Protoss Ground Weapons Level 2 (Chrono Boost)  
  121  9:23  Probe (Chrono Boost)  
  122  9:25  Protoss Ground Armor Level 2 (Chrono Boost)  
  122  9:28  Probe (Chrono Boost)  
  123  9:36  Gateway  
  123  9:38  Gateway  
  123  9:39  Probe (Chrono Boost)  
  123  9:43  Gateway  
  124  9:46  Gateway  
  124  9:48  Gateway  
  124  9:51  Probe (Chrono Boost)  
  125  9:57  Probe (Chrono Boost)  
  126  10:06  Probe  
  127  10:18  Probe  
  127  10:20  Nexus  
  128  10:30  Zealot x5  
  138  10:39  Probe (Chrono Boost)  
  139  10:49  Probe (Chrono Boost)  
  140  10:54  Probe (Chrono Boost)  
  122  11:05  Probe (Chrono Boost)  
  122  11:07  Zealot x2  
  122  11:08  Zealot x7  
  122  11:09  Zealot  
  141  11:17  Probe (Chrono Boost)  
  142  11:20  Protoss Ground Weapons Level 3 (Chrono Boost)  
  142  11:21  Nexus  
  142  11:26  Stargate, Probe (Chrono Boost)  
  142  11:29  Protoss Ground Armor Level 3 (Chrono Boost)  
  142  11:32  Probe  
  143  11:37  Zealot x5  
  143  11:38  Zealot  
  156  11:44  Probe  
  109  12:15  Zealot x2  
  109  12:16  Zealot x7  
  109  12:17  Zealot  
  127  12:36  Probe x2  
  129  12:39  Probe  
  130  12:45  Probe  
  130  12:48  Probe x2  
  130  12:51  Probe  
  134  12:52  Assimilator  
  134  12:55  Zealot x7  
  134  12:56  Zealot x3, Assimilator  
  134  12:58  Probe  
  155  13:00  Probe  
  155  13:03  Probe  
  157  13:10  Probe  
  152  13:15  Probe  
  129  13:22  Probe  
  119  13:34  Probe  
  119  13:40  Zealot x6  
  119  13:41  Zealot x3  
  123  13:42  Zealot  
  97  14:14  Protoss Shields Level 1 (Chrono Boost)  
  92  14:21  Pylon  
  92  14:22  Stalker x5  
  92  14:23  Stalker x4  
  92  14:24  Stalker  
  110  14:26  Immortal (Chrono Boost)  
  110  14:48  Fleet Beacon  
  110  14:49  Stargate  
  110  14:51  Stargate  
  110  14:52  Stargate  
  102  14:57  Immortal (Chrono Boost)  
  102  14:59  Stalker x7  
  118  15:00  Stalker x3, Assimilator  
  118  15:02  Assimilator  
  124  15:19  Protoss Air Weapons Level 1 (Chrono Boost)  
  124  15:26  Cybernetics Core  
  124  15:28  Blink (Chrono Boost)  
  128  15:35  Immortal  
  128  15:38  Stalker x7  
  128  15:39  Stalker x3  
  148  15:47  Pylon  
  148  15:52  Graviton Catapult, Carrier (Chrono Boost), Pylon  
  148  15:53  Carrier (Chrono Boost)  
  148  15:55  Pylon  
  148  15:57  Pylon  
  160  16:17  Zealot x5, Nexus  
  162  16:34  Zealot x4  
  162  16:35  Zealot  
  162  16:39  Carrier (Chrono Boost)  
  170  16:41  Carrier (Chrono Boost)  
  170  16:44  Mothership  
  182  16:54  Protoss Shields Level 2  
  182  17:00  Protoss Air Armor Level 1 (Chrono Boost), Protoss Air Weapons Level 2 (Chrono Boost)  
  190  17:15  Carrier (Chrono Boost)  
  178  18:14  Carrier x3 (Chrono Boost)  
  180  18:39  Carrier  
  180  18:40  Assimilator  
  180  18:41  Pylon  
  186  18:44  Assimilator  
  138  19:19  Zealot x2  
  138  19:20  Zealot x8  
  161  19:42  Stalker x6  
  161  19:43  Stalker x4  
Show
View Real Time Build Order
Export as new Build Order

ILIEKEGGPIE Protoss 

Build Orders:  

Get SALT Encoding   

  12  0:01  Probe  
  13  0:13  Probe  
  14  0:17  Pylon  
  14  0:26  Probe (Chrono Boost)  
  15  0:38  Gateway, Probe (Chrono Boost)  
  16  0:45  Probe (Chrono Boost)  
  16  0:49  Assimilator  
  17  0:54  Probe  
  18  1:06  Probe  
  19  1:19  Probe  
  20  1:30  Cybernetics Core  
  19  1:34  Probe  
  20  1:44  Pylon  
  20  1:52  Nexus  
  20  2:04  Stalker (Chrono Boost)  
  20  2:06  Warp Gate  
  22  2:24  Probe  
  22  2:26  Stalker (Chrono Boost)  
  25  2:49  Gateway  
  25  2:52  Stalker, Gateway  
  27  3:18  Assimilator  
  26  3:24  Robotics Facility  
  26  3:28  Probe x2 (Chrono Boost)  
  26  3:31  Stalker  
  30  3:38  Probe x2 (Chrono Boost)  
  34  3:51  Probe x2  
  34  3:55  Pylon  
  34  4:02  Pylon  
  34  4:03  Probe x2  
  36  4:11  Observer (Chrono Boost)  
  36  4:13  Stalker x2  
  36  4:15  Probe  
  36  4:16  Probe  
  43  4:22  Stalker  
  45  4:27  Probe  
  45  4:28  Probe  
  47  4:36  Observer  
  48  4:40  Probe (Chrono Boost)  
  48  4:41  Assimilator, Probe (Chrono Boost)  
  48  4:44  Assimilator  
  50  4:52  Probe (Chrono Boost)  
  52  4:54  Pylon  
  52  4:56  Probe (Chrono Boost)  
  52  4:57  Observer  
  52  4:58  Probe (Chrono Boost)  
  54  5:12  Pylon, Probe x2  
  56  5:24  Immortal (Chrono Boost), Probe x2  
  62  5:31  Stalker x3  
  62  5:34  Pylon  
  68  5:36  Probe x2  
  70  5:50  Gateway  
  70  5:51  Gateway  
  70  5:52  Probe x2  
  70  5:53  Pylon  
  72  5:58  Immortal (Chrono Boost)  
  72  6:03  Sentry  
  78  6:20  Forge  
  78  6:23  Forge  
  78  6:33  Stalker x3, Observer (Chrono Boost)  
  78  6:39  Pylon  
  85  6:43  Pylon  
  85  6:48  Twilight Council  
  85  6:57  Immortal (Chrono Boost)  
  85  6:59  Protoss Ground Armor Level 1 (Chrono Boost), Protoss Ground Weapons Level 1 (Chrono Boost)  
  89  7:09  Sentry x2  
  89  7:10  Zealot x3  
  99  7:26  Blink  
  99  7:39  Immortal  
  102  7:57  Pylon  
  102  7:58  Pylon, Nexus  
  102  8:01  Pylon  
  102  8:05  Pylon  
  102  8:18  Immortal  
  106  8:34  Zealot x5  
  116  8:41  Protoss Ground Weapons Level 2 (Chrono Boost)  
  116  8:43  Protoss Ground Armor Level 2 (Chrono Boost)  
  116  8:54  Probe  
  116  8:55  Probe  
  117  9:04  Assimilator  
  117  9:05  Robotics Facility  
  117  9:07  Probe  
  117  9:08  Assimilator  
  117  9:09  Robotics Facility  
  118  9:19  Pylon  
  118  9:21  Pylon  
  118  9:36  Gateway  
  118  9:38  Pylon  
  118  9:39  Pylon  
  118  9:40  Gateway x2  
  118  9:57  Probe (Chrono Boost)  
  121  10:01  Gateway  
  121  10:02  Probe x2 (Chrono Boost)  
  121  10:03  Gateway  
  121  10:06  Gateway  
  121  10:10  Immortal x2, Probe (Chrono Boost)  
  130  10:34  Immortal  
  134  10:38  Charge  
  134  10:49  Immortal  
  120  11:08  Immortal  
  124  11:13  Immortal  
  128  11:20  Protoss Ground Weapons Level 3 (Chrono Boost), Protoss Ground Armor Level 3 (Chrono Boost)  
  128  11:28  Stalker x3, Immortal  
  128  11:29  Sentry x4  
  128  11:30  Sentry x2  
  150  11:40  Robotics Bay  
  88  12:27  Stalker x4  
  88  12:28  Zealot x5  
  88  12:29  Zealot x2  
  102  12:32  Immortal  
  106  13:01  Stalker x4  
  106  13:02  Stalker  
  106  13:03  Stalker x2  
  74  13:30  Stalker x3  
  74  13:31  Stalker x4  
  74  13:32  Stalker  
  80  13:43  Colossus (Chrono Boost)  
  80  13:53  Colossus (Chrono Boost)  
  72  13:58  Zealot x3  
  72  13:59  Zealot x3  
  80  14:11  Pylon  
  80  14:13  Pylon  
  80  14:22  Zealot  
  80  14:23  Zealot  
  67  14:33  Stalker x3  
  67  14:34  Zealot x2  
  67  14:35  Sentry  
  66  14:50  Colossus  
  72  15:28  Zealot x3  
  72  15:29  Zealot x2  
  72  15:30  Sentry x2  
  86  15:49  Sentry x2  
  90  15:50  Sentry x4  
  98  15:57  Templar Archives  
  98  16:16  Immortal x2 (Chrono Boost)  
  100  16:38  Stalker  
  100  16:39  Stalker x4  
  108  16:40  Immortal (Chrono Boost)  
  112  17:22  Nexus  
  112  17:25  Immortal x2  
  112  17:27  Stalker  
  112  17:29  High Templar x2  
  126  17:30  High Templar x3  
  126  17:36  Archon x2  
  125  18:06  Zealot x4  
  125  18:07  Zealot x2  
  135  18:31  Protoss Shields Level 1 (Chrono Boost)  
  135  18:49  Nexus  
  91  19:15  Stalker  
  91  19:16  Stalker x3  
  85  19:17  Stalker x3  
  49  19:34  Stalker  
  49  19:35  Stalker x3  
  57  19:46  Zealot x3  
  57  19:47  Zealot  
  65  19:57  Assimilator  
  65  20:09  Zealot  
  65  20:10  Zealot x4  
  65  20:11  Zealot  
Tags
 
Matchup
PvP
Replay Pack
Multi
Spawn Locations
Cross Positions
Add a new tag
Caveats
  • Supply blocks, unpowered buildings, or Contaminate may cause inaccurate times.
  • Supply counts are checked every 10 seconds.